[Event "Titled Tuesday Blitz December 20 Late 2022"]
[White "Krishnan, Varun"]
[Black "Rustemov, Alexander"]
[WhiteFideId "5054508"]
[BlackFideId "4119002"]
[WhiteElo "2605"]
[BlackElo "2876"]
[Result "0-1"]
[Round "03"]
[TimeControl "180+1"]
[Date "2022.12.20"]
[WhiteClock "0:00:02"]
[BlackClock "0:00:33"]

1. e4 e6 2. d4 d5 3. exd5 exd5 4. Nf3 Bd6 5. Bd3 Nc6 6. c3 Nge7 7. O-O O-O 8. Re1 Bf5 9. Bxf5 Nxf5 10. Qd3 Qd7 11. Ne5 Bxe5 12. dxe5 Rae8 13. Bf4 f6 14. e6 Rxe6 15. Nd2 Rxe1+ 16. Rxe1 g6 17. Ne4 b6 18. Rd1 Nce7 19. c4 c6 20. Nc3 Rd8 21. Qe2 Kf7 22. Ne4 h5 23. Qd2 Qe6 24. Re1 Qd7 25. Rd1 d4 26. h3 h4 27. Bh2 c5 28. Qf4 g5 29. Qg4 Ng7 30. Qf3 Qf5 31. Nd6+ Rxd6 32. Bxd6 Qxf3 33. gxf3 Nc6 34. a3 Nf5 35. Bc7 Na5 36. b4 cxb4 37. c5 bxa3 38. cxb6 axb6 39. Bxb6 Nb3 40. Rb1 a2 41. Rxb3 a1=Q+ 42. Kg2 Qa2 43. Rb5 Ne3+ 44. Kg1 Qa1+ 45. Kh2 Nc2 46. Bc5 Qf1 47. Rb7+ Kg6 48. Bf8 Qxf2+ 49. Kh1 Qxf3+ 50. Kh2 Ne3 51. Rg7+ Kf5 0-1


[Site "https://www.chess.com"]

[Event "Titled Tuesday Blitz December 20 Late 2022"]
[White "Lacasa Diaz, Jose Antonio"]
[Black "Marin Masis, Jose Esteban"]
[WhiteFideId "2203375"]
[BlackFideId "6508146"]
[WhiteElo "2338"]
[BlackElo "1838"]
[Result "1-0"]
[Round "03"]
[TimeControl "180+1"]
[Date "2022.12.21"]
[WhiteClock "0:01:17"]
[BlackClock "0:00:27"]

1. e4 c5 2. Nf3 Nc6 3. Bb5 g6 4. Bxc6 bxc6 5. d3 d5 6. Nbd2 Bg7 7. Qe2 Nf6 8. h3 O-O 9. c4 a5 10. O-O Qb6 11. e5 Nd7 12. b3 e6 13. Bb2 a4 14. Bc3 d4 15. Bb2 a3 16. Bc1 Qc7 17. Re1 Qa5 18. Nf1 Qc3 19. Bd2 Qc2 20. Rec1 Qb2 21. Rcb1 Qc2 22. Ne1 Qxb1 23. Rxb1 Nxe5 24. Bf4 Nd7 25. Nd2 e5 26. Bg3 f5 27. f4 Re8 28. Nef3 e4 29. dxe4 Nf6 30. e5 Nh5 31. Bh2 Bd7 32. Ne1 Bh6 33. Nd3 Ra5 34. Rf1 Ng7 35. Nf3 Ne6 36. h4 Bf8 37. Ng5 Nd8 38. h5 h6 39. Nf3 Ne6 40. hxg6 Kg7 41. Nh4 Nc7 42. Qh5 Be7 43. Nxf5+ Bxf5 44. Qxf5 Rf8 45. Qd7 1-0


[Site "https://www.chess.com"]

[Event "Titled Tuesday Blitz December 20 Late 2022"]
[White "Lopez Idarraga, Daniel Eduardo"]
[Black "Jumabayev, Rinat"]
[WhiteFideId "4405501"]
[BlackFideId "13702661"]
[WhiteElo "2064"]
[BlackElo "2584"]
[Result "0-1"]
[Round "03"]
[TimeControl "180+1"]
[Date "2022.12.21"]
[WhiteClock "0:02:06"]
[BlackClock "0:02:23"]

1. b3 b6 2. e4 Bb7 3. Nc3 c5 4. Bb2 Nc6 5. f4 e6 6. Nf3 a6 7. Qe2 Nd4 8. Nxd4 cxd4 9. Nd1 Rc8 10. Qd3 Qc7 11. Bxd4 Qxf4 12. Nf2 Nf6 13. O-O-O Nxe4 14. Nxe4 Bxe4 15. Qxa6 Rxc2+ 0-1


[Site "https://www.chess.com"]

[Event "Titled Tuesday Blitz December 20 Late 2022"]
[White "Manukyan, Sargis A."]
[Black "Bolanos, Fernando"]
[WhiteFideId "13303970"]
[BlackFideId "3304094"]
[WhiteElo "2187"]
[BlackElo "2166"]
[Result "0-1"]
[Round "03"]
[TimeControl "180+1"]
[Date "2022.12.21"]
[WhiteClock "0:00:08"]
[BlackClock "0:00:07"]

1. Nf3 d5 2. c4 c6 3. Nc3 Nf6 4. e3 Bf5 5. Qb3 Qb6 6. Qxb6 axb6 7. cxd5 Nxd5 8. Nxd5 cxd5 9. Ne5 Nc6 10. Bb5 Rc8 11. d4 e6 12. g4 Bc2 13. Bd2 Bd6 14. Rc1 Bxe5 15. dxe5 Be4 16. O-O Bf3 17. g5 h6 18. g6 fxg6 19. Rc3 O-O 20. Rfc1 Ra8 21. Bxc6 d4 22. exd4 bxc6 23. a3 g5 24. Rxf3 Rxf3 25. Rxc6 Rd8 26. Be3 Kf7 27. Rxb6 Rc8 28. Kg2 g4 29. Rb7+ Kg6 30. Re7 Kf5 31. Rxg7 Rc2 32. Kf1 Rxb2 33. Rh7 Rb1+ 34. Ke2 Rh3 35. Rf7+ Kg6 36. Rf6+ Kg7 37. Rxe6 Rxh2 38. d5 g3 39. d6 gxf2 40. Bxf2 Rb2+ 41. Ke3 Rhxf2 42. Re7+ Kg6 43. Ke4 Rfd2 44. Re6+ Kg5 45. Re7 h5 46. Rg7+ Kh6 47. Rg8 Kh7 48. Rg3 h4 49. Rh3 Rh2 50. Rf3 Rbe2+ 51. Kf5 Rhf2 52. Rxf2 Rxf2+ 53. Ke6 h3 54. d7 Rd2 55. Ke7 h2 56. e6 h1=Q 57. d8=Q Rxd8 58. Kxd8 Qd5+ 59. Ke7 Kg6 60. a4 Kf5 61. a5 Qxe6+ 62. Kd8 Qa6 63. Kc7 Qxa5+ 64. Kb8 Qc5 65. Kb7 Ke6 66. Ka6 Qb4 67. Ka7 Kd7 68. Ka8 Kc7 69. Ka7 Qa4# 0-1


[Site "https://www.chess.com"]

[Event "Titled Tuesday Blitz December 20 Late 2022"]
[White "Marchesich, Giovanni"]
[Black "Poltorak, Sebastian"]
[WhiteFideId "2824790"]
[BlackFideId "1199498"]
[WhiteElo "2200"]
[BlackElo "2195"]
[Result "0-1"]
[Round "03"]
[TimeControl "180+1"]
[Date "2022.12.21"]
[WhiteClock "0:00:03"]
[BlackClock "0:00:07"]

1. Nc3 c5 2. Nf3 Nc6 3. e4 e5 4. Bc4 Be7 5. d3 Nf6 6. Nd2 O-O 7. Nf1 d6 8. Ne3 Be6 9. O-O Nd4 10. a4 Qd7 11. Ned5 h6 12. f4 exf4 13. Bxf4 Nxd5 14. Nxd5 Rae8 15. c3 Nc6 16. Qh5 Kh7 17. h3 Bd8 18. Rf2 b6 19. Raf1 Na5 20. Bb5 Nc6 21. Bc4 Rg8 22. Bh2 f6 23. Ne3 Bxc4 24. Nxc4 Ne5 25. Bxe5 dxe5 26. Rf3 g6 27. Qg4 Qxg4 28. hxg4 Kg7 29. Ne3 Re6 30. Nd5 Rf8 31. Rb1 Be7 32. c4 Kf7 33. Ra1 Rb8 34. Kf2 Rd6 35. Ke2 Ke6 36. Kd2 Rdd8 37. Kc2 Rh8 38. Rh1 Rbf8 39. Rfh3 h5 40. gxh5 g5 41. g4 Bd8 42. Rf3 Rf7 43. Rf5 Rh6 44. Rhf1 Rd7 45. Ra1 Rb7 46. Rf2 Rhh7 47. Kc3 a6 48. b4 Be7 49. Rb2 cxb4+ 50. Nxb4 Bc5 51. Nc2 Rhd7 52. Rab1 Kd6 53. Kd2 Kc6 54. Ne3 Bxe3+ 55. Kxe3 Rd6 56. Rh1 Rbd7 57. Rd2 Kc5 58. Rb1 Kc6 59. Ke2 Kc5 60. Rb3 Rb7 61. Kd1 Kd4 62. Ke2 Rdd7 63. Rb1 Rdc7 64. Rdb2 Kc5 65. a5 b5 66. cxb5 axb5 67. Rc2+ Kd4 68. Rxc7 Rxc7 69. Rb4+ Kc3 70. Rb2 Kxb2 71. Ke3 b4 72. h6 Ra7 73. Kd2 b3 74. d4 Ka2 75. d5 b2 0-1


[Site "https://www.chess.com"]

[Event "Titled Tuesday Blitz December 20 Late 2022"]
[White "Martinez Alcantara, Jose Eduardo"]
[Black "Novikova, Galina"]
[WhiteFideId "3805662"]
[BlackFideId "4157095"]
[WhiteElo "2707"]
[BlackElo "1953"]
[Result "1-0"]
[Round "03"]
[TimeControl "180+1"]
[Date "2022.12.21"]
[WhiteClock "0:01:40"]
[BlackClock "0:00:01"]

1. e4 e6 2. d4 d5 3. exd5 exd5 4. Nf3 Nc6 5. h3 Bf5 6. Nc3 Qd7 7. Bb5 f6 8. O-O O-O-O 9. Ba4 g5 10. Re1 h5 11. Nh2 Kb8 12. Nf1 h4 13. Ne3 Be6 14. Ng4 Bxg4 15. hxg4 h3 16. g3 Nh6 17. Bxc6 Qxc6 18. Qf3 h2+ 19. Kg2 Qd7 20. Qxf6 Bb4 21. Bxg5 Nxg4 22. Qf3 Rdf8 23. Bf4 Bd6 24. Ne2 Nf6 25. Kh1 Ne4 26. Qg2 Bxf4 27. Nxf4 Qg4 28. Re3 Rhg8 29. Rf3 Nd2 30. Re3 Ne4 31. Nd3 Qg5 32. Rae1 b6 33. a4 Nf6 34. a5 Ng4 35. R3e2 Qg6 36. a6 1-0


[Site "https://www.chess.com"]

[Event "Titled Tuesday Blitz December 20 Late 2022"]
[White "Martins Jr Sobrinho, Manuel De"]
[Black "Hoffmann, Asa"]
[WhiteFideId "2170310"]
[BlackFideId "2001470"]
[WhiteElo "1924"]
[BlackElo "2117"]
[Result "1-0"]
[Round "03"]
[TimeControl "180+1"]
[Date "2022.12.21"]
[WhiteClock "0:00:12"]
[BlackClock "0:00:21"]

1. e4 d6 2. d4 Nf6 3. Nc3 c6 4. f4 Qa5 5. Bd3 e5 6. Nf3 exd4 7. Nxd4 Qb6 8. Be3 Ng4 9. Bg1 Qxb2 10. Na4 Qb4+ 11. c3 Qa5 12. Qc2 Nd7 13. Nb2 Nc5 14. Nc4 Qc7 15. h3 Nf6 16. Bh2 b5 17. Ne3 Qb6 18. e5 Nd5 19. Nxd5 cxd5 20. Bxb5+ Bd7 21. Bxd7+ Nxd7 22. Rb1 Qa6 23. e6 Nc5 24. exf7+ Kd8 25. f5 Be7 26. Ne6+ Nxe6 27. fxe6 Bh4+ 28. g3 Bf6 29. Rf1 Rc8 30. Rb3 d4 31. g4 Rxc3 32. Rxc3 dxc3 33. Qb3 Qb6 34. Qxb6+ axb6 35. Bxd6 Be7 36. f8=Q+ Bxf8 37. Rxf8+ Rxf8 38. Bxf8 b5 39. Bxg7 Ke7 40. Bxc3 Kxe6 41. Kd2 Kd5 42. Kd3 1-0


[Site "https://www.chess.com"]

[Event "Titled Tuesday Blitz December 20 Late 2022"]
[White "Mekhitarian, Krikor Sevag"]
[Black "Toncheva, Nadya"]
[WhiteFideId "2107660"]
[BlackFideId "2924056"]
[WhiteElo "2604"]
[BlackElo "2101"]
[Result "1-0"]
[Round "03"]
[TimeControl "180+1"]
[Date "2022.12.20"]
[WhiteClock "0:00:05"]
[BlackClock "0:00:04"]

1. Nf3 c5 2. c4 Nc6 3. Nc3 g6 4. g3 Bg7 5. Bg2 e6 6. h4 h6 7. d4 cxd4 8. Nb5 d6 9. Nfxd4 Nxd4 10. Nxd4 Ne7 11. O-O a6 12. b3 Qc7 13. Bb2 O-O 14. Rc1 Nc6 15. Qd2 Kh7 16. Rfd1 Rd8 17. Nxc6 bxc6 18. Bxg7 Kxg7 19. Qc3+ Kg8 20. Qf6 Bb7 21. Rd3 Rd7 22. Rcd1 Qd8 23. Qf4 g5 24. hxg5 hxg5 25. Qd2 d5 26. e4 Qf6 27. exd5 cxd5 28. cxd5 exd5 29. Re1 Rad8 30. Rf3 Qg6 31. Re5 f6 32. Re6 Rd6 33. Rfxf6 Rxe6 34. Rxg6+ Rxg6 35. Qd4 Rdd6 36. Bh3 Bc6 37. Bf5 Rgf6 38. g4 Kf7 39. b4 Bd7 40. Qa7 Ke7 41. Qe3+ Kd8 42. Bxd7 Kxd7 43. Qa7+ Ke8 44. Qd4 Ke7 45. Kg2 Kf7 46. a3 Kg6 47. f3 Rfe6 48. a4 Kf7 49. b5 axb5 50. axb5 Re2+ 51. Kg3 Ree6 52. b6 Rxb6 53. Qxd5 Kg6 54. Qf5+ Kh6 55. Qf8+ Kg6 56. Qg8+ Kf6 57. Qh7 Ke5 58. Qf5+ Kd4 59. Qxg5 Rg6 60. Qf4+ Kd5 61. Qf5+ Kd4 62. g5 Rbe6 63. Kg4 Kc4 64. f4 Kd4 65. Qc2 Kd5 66. f5 Re4+ 67. Qxe4+ 1-0


[Site "https://www.chess.com"]

[Event "Titled Tuesday Blitz December 20 Late 2022"]
[White "Melian, Juan Sebastian"]
[Black "Matthes, Aaron"]
[WhiteFideId "3706575"]
[BlackFideId "16227310"]
[WhiteElo "2044"]
[BlackElo "2338"]
[Result "1-0"]
[Round "03"]
[TimeControl "180+1"]
[Date "2022.12.21"]
[WhiteClock "0:00:11"]
[BlackClock "0:00:08"]

1. Nf3 d5 2. c4 c6 3. e3 Nf6 4. b3 Bg4 5. Bb2 Nbd7 6. Be2 e6 7. Kf1 Bd6 8. d3 O-O 9. h3 Bh5 10. g4 Bg6 11. Kg2 h6 12. Nbd2 e5 13. Nh4 Bh7 14. Nf5 Bxf5 15. gxf5 e4 16. Qc2 exd3 17. Bxd3 Ne5 18. Be2 Qd7 19. Rag1 dxc4 20. Nxc4 Nxc4 21. Bxc4 Qe7 22. Qc3 Rae8 23. Kf1 Be5 24. Qxe5 Qxe5 25. Bxe5 Rxe5 26. Rg2 Rxf5 27. Rhg1 g5 28. Ke2 b5 29. Bd3 Rd5 30. f4 Rfd8 31. fxg5 hxg5 32. Rxg5+ Rxg5 33. Rxg5+ Kf8 34. h4 Nd5 35. Kf3 f6 36. Rh5 Ke7 37. Rh7+ Ke6 38. h5 f5 39. Rxa7 Nf6 40. Be2 Nxh5 41. Ra6 Kd5 42. a4 bxa4 43. Rxa4 Nf6 44. Ra5+ Ke6 45. Bc4+ Nd5 46. Ra1 Ke5 47. Rh1 Rg8 48. Rh5 Rf8 49. Ke2 Kd6 50. Kd2 f4 51. e4 Ne3 52. Be2 Rd8 53. Ke1 Ke6 54. Kf2 Rd2 55. Kf3 Nc2 56. Bc4+ Kd6 57. e5+ Ke7 58. Rh7+ Kf8 59. Kxf4 Rd5 60. Bxd5 cxd5 61. Rd7 1-0


[Site "https://www.chess.com"]

[Event "Titled Tuesday Blitz December 20 Late 2022"]
[White "Mendez Fortes, Eduardo Jesus"]
[Black "Dudzinski, Pawel"]
[WhiteFideId "3502376"]
[BlackFideId "1117890"]
[WhiteElo "2307"]
[BlackElo "2099"]
[Result "1-0"]
[Round "03"]
[TimeControl "180+1"]
[Date "2022.12.21"]
[WhiteClock "0:01:12"]
[BlackClock "0:00:01"]

1. e4 c6 2. d4 d5 3. Nc3 g6 4. e5 Bg7 5. f4 h5 6. Nf3 Bg4 7. h3 Bxf3 8. Qxf3 e6 9. Be3 h4 10. O-O-O b5 11. Kb1 a5 12. g4 hxg3 13. Ne2 a4 14. Nxg3 b4 15. Bd3 b3 16. cxb3 axb3 17. a3 Ne7 18. h4 Nf5 19. h5 Nd7 20. hxg6 fxg6 21. Nxf5 exf5 22. Rxh8+ Bxh8 23. Qh3 Bg7 24. Qh7 Kf7 25. Bxf5 gxf5 26. Qxf5+ Kg8 27. Rg1 Qe7 28. Qg4 Rf8 29. f5 c5 30. Bh6 Rf7 31. f6 Nxf6 32. exf6 Qxf6 33. Bxg7 Rxg7 34. Qxg7+ Qxg7 35. Rxg7+ Kxg7 36. dxc5 Kf6 37. a4 Ke5 38. a5 d4 39. a6 d3 40. Kc1 Ke4 41. Kd2 Kd5 42. a7 1-0


[Site "https://www.chess.com"]

[Event "Titled Tuesday Blitz December 20 Late 2022"]
[White "Mesa Cruz, Juan Carlos"]
[Black "Moksh Amit Doshi"]
[WhiteFideId "6423400"]
[BlackFideId "25064967"]
[WhiteElo "2059"]
[BlackElo "2297"]
[Result "0-1"]
[Round "03"]
[TimeControl "180+1"]
[Date "2022.12.21"]
[WhiteClock "0:00:09"]
[BlackClock "0:01:53"]

1. e4 d5 2. exd5 Nf6 3. d4 Bg4 4. Be2 Bxe2 5. Qxe2 Qxd5 6. Nf3 Nc6 7. Nc3 Qh5 8. Bf4 O-O-O 9. O-O-O e6 10. h3 Bb4 11. Ne4 Qf5 12. Bxc7 Kxc7 13. Ng3 Qa5 14. Kb1 Kb8 15. c3 Bd6 16. Ne4 Qf5 17. Nd2 Bf4 18. g4 Qg6 19. Ka1 Bxd2 20. Nxd2 h5 21. f3 hxg4 22. hxg4 Nd5 23. Nc4 Qf6 24. Qg2 Qf4 25. Rde1 a6 26. Re4 Qc7 27. Rhe1 Rh2 28. Qf1 Na5 29. Ne5 Qb6 30. R4e2 Rxe2 31. Qxe2 Qc7 32. Qd2 Nc4 33. Nxc4 Qxc4 34. Re5 Qf1+ 35. Re1 Qxf3 36. c4 Nf4 37. a3 Nd3 38. Re3 Qf1+ 39. Ka2 Nc1+ 40. Kb1 Nb3+ 41. Qe1 Qxe1+ 42. Rxe1 Nxd4 43. Rd1 Nc6 0-1


[Site "https://www.chess.com"]

[Event "Titled Tuesday Blitz December 20 Late 2022"]
[White "Mikhalsky, Vladimir"]
[Black "Goroshkov, Maksym"]
[WhiteFideId "14144352"]
[BlackFideId "14142716"]
[WhiteElo "2272"]
[BlackElo "2258"]
[Result "1-0"]
[Round "03"]
[TimeControl "180+1"]
[Date "2022.12.21"]
[WhiteClock "0:00:23"]
[BlackClock "0:00:03"]

1. d4 Nf6 2. c4 e5 3. dxe5 Ng4 4. e4 Nxe5 5. Nc3 Bb4 6. f4 Ng6 7. Nf3 O-O 8. Qb3 Nc6 9. a3 Bc5 10. Qc2 a5 11. Bd3 Nh4 12. Nxh4 Qxh4+ 13. g3 Qd8 14. e5 g6 15. Ne4 Be7 16. Be3 d6 17. exd6 cxd6 18. O-O d5 19. cxd5 Qxd5 20. Bc4 Qh5 21. Be2 Bg4 22. Bxg4 Qxg4 23. f5 Rac8 24. Qg2 gxf5 25. Nf2 Qe2 26. Bh6 Rfe8 27. Rae1 Qxb2 28. Qd5 Bf6 29. Qxf5 Bd4 30. Kh1 Bg7 31. Nd3 Qf6 32. Rxe8+ Rxe8 33. Qxf6 Bxf6 34. Rxf6 Re6 35. Bg5 b5 36. Nc5 Rxf6 37. Bxf6 b4 38. a4 h6 39. Kg2 Kh7 40. Kf3 Kg6 41. Bh8 Kf5 42. Ke3 Kg4 43. Kf2 Kh3 44. Kg1 Ne7 45. Nb3 Nc6 46. Bg7 h5 47. Bf6 Kg4 48. Kg2 Kf5 49. Bb2 Ke4 50. Kf2 Kd3 51. Bf6 Kc4 52. Nd2+ Kd3 53. Ke1 Kc2 54. Nc4 b3 55. Ne3+ Kd3 56. Kf2 Nd4 57. Nd1 Ne6 58. Nb2+ Kc2 59. Nc4 Nc5 60. Nxa5 Nxa4 61. Kf3 Nc3 62. Nc4 Nd5 63. Bd4 Kd3 64. Ba1 Kxc4 65. Ke4 Nc3+ 66. Kf5 Ne2 67. Kg5 Kd3 68. Kxh5 Ke3 69. Kg4 Nd4 70. h4 f5+ 71. Kg5 Ne2 72. h5 Nxg3 73. h6 f4 74. h7 f3 75. h8=Q f2 76. Qd4+ Kf3 77. Qd3+ Kg2 78. Be5 f1=Q 79. Qxg3+ Kh1 80. Qh2# 1-0


[Site "https://www.chess.com"]

[Event "Titled Tuesday Blitz December 20 Late 2022"]
[White "Milosevic, Milos"]
[Black "Indjic, Aleksandar"]
[WhiteFideId "964875"]
[BlackFideId "911925"]
[WhiteElo "2314"]
[BlackElo "2616"]
[Result "1/2-1/2"]
[Round "03"]
[TimeControl "180+1"]
[Date "2022.12.21"]
[WhiteClock "0:00:04"]
[BlackClock "0:00:20"]

1. d4 Nf6 2. Nc3 d5 3. Bf4 a6 4. e3 b5 5. Nf3 e6 6. Ne5 Bb7 7. g4 c5 8. g5 Nfd7 9. h4 Nxe5 10. Bxe5 Nc6 11. Bf4 Bd6 12. dxc5 Bxc5 13. Bg2 Bd6 14. h5 Qc7 15. Qg4 Ne5 16. Qg3 Nc4 17. O-O-O O-O-O 18. Bxd6 Qxd6 19. Qxd6 Nxd6 20. Rh4 Kc7 21. a4 Bc6 22. axb5 axb5 23. b3 g6 24. Ne2 Nf5 25. Rh2 Kb6 26. Kb2 Ra8 27. Nd4 Nxd4 28. Rxd4 Rhe8 29. hxg6 hxg6 30. Rf4 Re7 31. Rh7 Be8 32. b4 Raa7 33. Rf6 Bc6 34. f4 Rad7 35. Bf1 d4 36. exd4 Be4 37. c3 Kc6 38. Rh2 Ra7 39. Bg2 Bxg2 40. Rxg2 Kd5 41. Re2 Kc4 42. Re5 Reb7 43. Rc5+ Kd3 44. d5 Ra8 45. dxe6 Rba7 46. Rd5+ Ke2 47. Re5+ Kd2 48. Rd5+ Ke3 49. Re5+ Kd3 50. Rd5+ Ke2 51. Re5+ Kd3 52. Rd5+ 1/2-1/2


[Site "https://www.chess.com"]

[Event "Titled Tuesday Blitz December 20 Late 2022"]
[White "Movahed, Sina"]
[Black "Ferreira, Vitor Hugo Vieira"]
[WhiteFideId "42520835"]
[BlackFideId "2119765"]
[WhiteElo "2225"]
[BlackElo "2146"]
[Result "0-1"]
[Round "03"]
[TimeControl "180+1"]
[Date "2022.12.21"]
[WhiteClock "0:00:14"]
[BlackClock "0:00:36"]

1. e4 c6 2. Nf3 d5 3. Nc3 Bg4 4. h3 Bxf3 5. Qxf3 e6 6. Be2 Nf6 7. O-O Nbd7 8. d4 dxe4 9. Nxe4 Nxe4 10. Qxe4 Nf6 11. Qe3 Be7 12. Bf3 O-O 13. c4 Re8 14. b3 a5 15. a4 Qb6 16. Bb2 Rad8 17. Rfe1 h6 18. Rad1 c5 19. d5 exd5 20. cxd5 Bd6 21. Qd3 Nd7 22. Be4 Be5 23. Bxe5 Nxe5 24. Qc2 Re7 25. Re3 Qd6 26. Qc3 b6 27. Rde1 Rde8 28. g3 Nd7 29. f4 Nf6 30. Bf3 Rxe3 31. Rxe3 Rxe3 32. Qxe3 g5 33. Kf2 gxf4 34. gxf4 Kf8 35. h4 Qe7 36. Qd2 Ne8 37. h5 Nd6 38. Qd3 Qh4+ 39. Ke3 Qe1+ 40. Be2 Qg3+ 41. Bf3 Qe1+ 42. Be2 Qc1+ 43. Kf3 f5 44. Qa6 Qh1+ 45. Kf2 Ne4+ 46. Ke3 Qg1+ 47. Kd3 Qd4+ 48. Kc2 Qd2+ 49. Kb1 Nc3+ 50. Ka1 Qa2# 0-1


[Site "https://www.chess.com"]

[Event "Titled Tuesday Blitz December 20 Late 2022"]
[White "Musovic, Armin"]
[Black "Rego, Pedro Filipe"]
[WhiteFideId "939935"]
[BlackFideId "1904310"]
[WhiteElo "2288"]
[BlackElo "2193"]
[Result "1/2-1/2"]
[Round "03"]
[TimeControl "180+1"]
[Date "2022.12.21"]
[WhiteClock "0:00:06"]
[BlackClock "0:00:07"]

1. a3 g6 2. Nc3 Bg7 3. e4 c5 4. Bc4 e6 5. d3 Nc6 6. Bf4 d6 7. Nge2 Nge7 8. O-O O-O 9. Qc1 a6 10. Ba2 Nd4 11. Nxd4 cxd4 12. Ne2 d5 13. f3 dxe4 14. fxe4 e5 15. Bh6 Be6 16. Bxg7 Kxg7 17. Bxe6 fxe6 18. Qg5 Nc6 19. Qg4 Qe7 20. Ng3 Kh8 21. Rxf8+ Rxf8 22. Rf1 Rxf1+ 23. Nxf1 Qf6 24. g3 Nd8 25. Kg2 Nf7 26. Qf3 Kg7 27. h4 h5 28. Nd2 Nd6 29. Qd1 Nf7 30. Nf3 Nh6 31. Ng5 Ng4 32. Qf3 Ne3+ 33. Kf2 Nd1+ 34. Ke1 Nxb2 35. Qxf6+ Kxf6 36. Kd2 Na4 37. Kc1 b5 38. Nh7+ Ke7 39. Ng5 a5 40. Nf3 Kf6 41. Nd2 Nc3 42. Nb3 Ne2+ 43. Kd2 Nxg3 44. Nxa5 g5 45. Ke1 gxh4 46. Kf2 Kg5 47. Nc6 Kf4 48. Kg2 Ne2 49. Ne7 Nc3 50. Ng6+ Ke3 51. Nxe5 Nb1 52. Nd7 Nxa3 53. Nf8 Nxc2 54. Nxe6 b4 55. Nc5 Kf4 56. Kh3 Na1 57. Kxh4 b3 58. Na4 Nc2 59. Kxh5 Nb4 60. Nb2 Nc6 61. Kg6 Ke3 62. Kf6 Kd2 63. e5 Kc3 64. Na4+ Kxd3 65. e6 Kc2 66. Kg5 b2 67. Nxb2 Kxb2 68. Kf4 Kc2 69. Ke4 d3 70. Kd5 Ne7+ 71. Kd6 Ng6 72. e7 d2 73. e8=Q d1=Q+ 74. Kc7 Qd3 75. Qc6+ Kd2 76. Qd6 Qxd6+ 77. Kxd6 1/2-1/2


[Site "https://www.chess.com"]

[Event "Titled Tuesday Blitz December 20 Late 2022"]
[White "Myers, Dominique"]
[Black "Burke, Paul"]
[WhiteFideId "2041715"]
[BlackFideId "2605767"]
[WhiteElo "1953"]
[BlackElo "1783"]
[Result "1-0"]
[Round "03"]
[TimeControl "180+1"]
[Date "2022.12.21"]
[WhiteClock "0:02:13"]
[BlackClock "0:00:36"]

1. e4 e5 2. Nf3 Nc6 3. g3 g6 4. Bg2 Bg7 5. O-O Nge7 6. Re1 h6 7. c3 O-O 8. d4 d6 9. Be3 f5 10. dxe5 dxe5 11. Bc5 Qxd1 12. Rxd1 Be6 13. Nbd2 b6 14. Ba3 Rfd8 15. Re1 f4 16. Rad1 g5 17. gxf4 exf4 18. h3 Ng6 19. Nb3 Rxd1 20. Rxd1 Nge5 21. Nfd4 Nxd4 22. cxd4 Nc4 23. d5 Bd7 24. Nd4 Nxa3 25. bxa3 Bxd4 26. Rxd4 c5 27. dxc6 Bxc6 28. Rd6 Bb5 29. Rxh6 Kg7 30. Rd6 Bc4 31. Bf3 Bxa2 32. Bg4 Re8 33. Bf5 Bb1 34. f3 Re7 35. Rg6+ Kf7 36. Rxg5 Rc7 37. h4 Rc2 38. Rg4 Rc3 39. Rxf4 Rxa3 40. h5 Kg7 41. Bg6 Kh6 42. Kf2 Ra2+ 43. Kg3 Bd3 44. Rf7 Kg5 45. f4+ 1-0


[Site "https://www.chess.com"]

[Event "Titled Tuesday Blitz December 20 Late 2022"]
[White "Nakamura, Hikaru"]
[Black "Makridis, Dimitrios"]
[WhiteFideId "2016192"]
[BlackFideId "25864475"]
[WhiteElo "2909"]
[BlackElo "2272"]
[Result "1-0"]
[Round "03"]
[TimeControl "180+1"]
[Date "2022.12.20"]
[WhiteClock "0:00:54"]
[BlackClock "0:00:03"]

1. g3 d5 2. Nf3 Nf6 3. Bg2 Bf5 4. c4 e6 5. Qb3 Qc8 6. Nh4 Be4 7. f3 Bg6 8. Nxg6 hxg6 9. d3 c6 10. Nc3 Nbd7 11. f4 Be7 12. Be3 a6 13. Rc1 Qb8 14. Bf3 dxc4 15. Qxc4 e5 16. O-O exf4 17. gxf4 Rh4 18. Bd2 Ne5 19. Qd4 Nxf3+ 20. Rxf3 Rg4+ 21. Kh1 Qc7 22. Qf2 Qa5 23. e4 Qh5 24. e5 Nd5 25. Nxd5 cxd5 26. Rc7 Rh4 27. Rg3 Bd8 28. Rc1 Qf5 29. Qg2 Qe6 30. f5 Qxf5 31. e6 fxe6 32. Rf1 Qh5 33. Re3 Kd7 34. Rf7+ Be7 35. Bb4 Qd1+ 36. Re1 Qxd3 37. Rxe7+ Kc6 38. R1xe6+ Kb5 39. Rxb7+ Kc4 40. b3+ Kd4 41. Qf2+ 1-0


[Site "https://www.chess.com"]

[Event "Titled Tuesday Blitz December 20 Late 2022"]
[White "Nasuta, Grzegorz"]
[Black "Sarana, Alexey"]
[WhiteFideId "1141686"]
[BlackFideId "24133795"]
[WhiteElo "2441"]
[BlackElo "2708"]
[Result "0-1"]
[Round "03"]
[TimeControl "180+1"]
[Date "2022.12.20"]
[WhiteClock "0:00:01"]
[BlackClock "0:00:07"]

1. e4 c5 2. Nf3 d6 3. d4 cxd4 4. Nxd4 Nf6 5. Nc3 a6 6. Be2 e5 7. Nb3 Be7 8. Be3 Be6 9. Nd5 Nbd7 10. Qd3 O-O 11. O-O Bxd5 12. exd5 Rc8 13. c4 a5 14. Rae1 b6 15. Kh1 g6 16. f4 a4 17. Nd2 exf4 18. Bxf4 Ne5 19. Qa3 Ra8 20. Nb1 Nfd7 21. Nc3 Bg5 22. Bxg5 Qxg5 23. Qxd6 Qd2 24. Qb4 a3 25. bxa3 Nc5 26. Rd1 Qe3 27. d6 Ncd3 28. Bxd3 Nxd3 29. Nd5 Nf2+ 30. Rxf2 Qxf2 31. d7 Rad8 32. Nxb6 Qc2 33. Qd2 Qf5 34. Qd4 Qe6 35. c5 h5 36. Qd5 Qe3 37. Qd4 Qe6 38. h3 h4 39. Qd6 Qe3 40. Nd5 Qe2 41. Ne7+ Kg7 42. Nc6 Ra8 43. d8=Q Rfxd8 44. Nxd8 Rxa3 45. Qd4+ Kg8 46. Rg1 Rd3 47. Qf6 Qe4 48. Qxf7+ Kh8 49. Qf8+ Kh7 50. Qf7+ Kh6 51. Qf8+ Kh7 0-1


[Site "https://www.chess.com"]

[Event "Titled Tuesday Blitz December 20 Late 2022"]
[White "Novik, Maxim"]
[Black "Boruchovsky, Avital"]
[WhiteFideId "4102924"]
[BlackFideId "2800055"]
[WhiteElo "2291"]
[BlackElo "2450"]
[Result "0-1"]
[Round "03"]
[TimeControl "180+1"]
[Date "2022.12.21"]
[WhiteClock "0:00:01"]
[BlackClock "0:00:15"]

1. e4 e5 2. Nf3 Nc6 3. Bc4 Nf6 4. d3 Be7 5. O-O O-O 6. Re1 d6 7. h3 Na5 8. Bb5 c6 9. Ba4 b5 10. Bb3 h6 11. Nbd2 Re8 12. Nf1 Bf8 13. Ne3 Qc7 14. Nh4 Nxb3 15. axb3 d5 16. Qf3 dxe4 17. dxe4 Nh7 18. Nef5 Ng5 19. Qh5 Qd8 20. Be3 a5 21. Rad1 Qf6 22. Bxg5 hxg5 23. Nf3 g6 24. Nh6+ Kg7 25. Qxg5 Qxg5 26. Nxg5 f6 27. Ngf7 Be6 28. Nd6 Red8 29. Nhf5+ gxf5 30. Nxf5+ Bxf5 31. exf5 Bb4 32. c3 Bc5 33. Kf1 Kf7 34. Ke2 Ke7 35. Rxd8 Rxd8 36. g4 Rh8 37. Rh1 a4 38. b4 Bb6 39. f3 c5 40. bxc5 Bxc5 41. h4 b4 42. cxb4 Bd4 43. Ra1 Rxh4 44. Rxa4 Rh2+ 45. Kd3 Rxb2 46. Kc4 Rf2 47. Kd5 Rxf3 48. Ra5 Rg3 49. Rb5 Rxg4 50. Rb7+ Kd8 51. b5 Kc8 52. Rf7 Bb2 53. Rxf6 Rd4+ 54. Kc6 Rc4+ 55. Kd5 Rc7 56. Rc6 Bd4 57. f6 Rxc6 0-1


[Site "https://www.chess.com"]

[Event "Titled Tuesday Blitz December 20 Late 2022"]
[White "Omelja, Artem"]
[Black "aidenzhouu"]
[WhiteFideId "14119846"]
[WhiteElo "2404"]
[BlackElo "2392"]
[Result "0-1"]
[Round "03"]
[TimeControl "180+1"]
[Date "2022.12.21"]
[WhiteClock "0:00:42"]
[BlackClock "0:00:48"]

1. e4 e6 2. d3 d5 3. Nd2 Nf6 4. Ngf3 c5 5. g3 Nc6 6. Bg2 g6 7. O-O Bg7 8. c3 O-O 9. e5 Nd7 10. d4 a5 11. a4 b6 12. Re1 cxd4 13. cxd4 Nb4 14. Nf1 Ba6 15. Be3 Rc8 16. Qc1 Rxc1 17. Rexc1 Qb8 18. Bd2 Rc8 19. Bxb4 axb4 20. N1d2 Rxc1+ 21. Rxc1 Bh6 22. b3 b5 23. Bf1 Qb7 24. a5 Nb8 25. h4 Nc6 26. Rc2 Nxa5 27. Ng5 Bxg5 28. hxg5 Nc6 29. Nf3 Qb6 30. Rd2 Na5 31. Rd3 Qc6 32. Nd2 Qc2 33. f4 Nc4 34. Nf3 Nb2 35. Re3 Nd1 36. Rd3 Qf2+ 0-1


[Site "https://www.chess.com"]